 Dungeon Crawl Stone Soup version 0.17-a0-755-g4391640 (console) character file.

501 sose the Cudgeler (level 7, -3/32 HPs)
             Began as a Vine Stalker Ice Elementalist on Apr 22, 2015.
             Slain by Pikel
             ... wielding a +1 whip of electrocution
              (8 damage)
             ... on level 3 of the Dungeon.
             The game lasted 00:09:10 (2756 turns).

sose the Cudgeler (Vine Stalker Ice Elementalist)   Turns: 2756, Time: 00:09:10

Health: -3/32      AC: 10    Str: 11    XL:     7   Next: 17%
Magic:  0/11       EV:  8    Int: 17    God:
Gold:   199        SH:  5    Dex: 14    Spells: 1 memorised, 9 levels left

rFire  + + .     SeeInvis .     d - +1 whip (vamp)
rCold  x . .     Clarity  .     e - +0 fire dragon armour
rNeg   . . .     SustAb   .     i - +0 buckler
rPois  .         Gourm    .     (no helmet)
rElec  .         Spirit   +     (no cloak)
rCorr  .         Warding  .     j - +0 pair of gloves
rMut   .         Stasis   .     (no boots)
MR     .....                    (no amulet)
Stlth  ..........               (no ring)
                                (no ring)

@: drained, not resistant to hostile enchantments, extremely unstealthy
A: fangs 2, regeneration 2, shaggy fur 1, magic shield, antimagic bite, no
device heal 3, rot immunity
a: no special abilities


You were on level 3 of the Dungeon.
You were not hungry.

You visited 1 branch of the dungeon, and saw 4 of its levels.

You collected 199 gold pieces.

Inventory:

Hand weapons
 d - a +1 vampiric whip (weapon)
Missiles
 y - 47 stones (quivered)
Armour
 a - a +0 robe
 e - a +0 fire dragon armour (worn)
 i - a +0 buckler (worn)
 j - a +0 pair of gloves (worn)
Scrolls
 c - a scroll of amnesia {unknown}
 f - 3 scrolls of enchant armour {unknown}
 g - 4 scrolls of remove curse {unknown}
 k - a scroll of immolation {unknown}
 m - 7 scrolls of identify {unknown}
 p - a scroll of blinking {unknown}
 t - a scroll of recharging {unknown}
 w - 2 scrolls of teleportation {unknown}
Potions
 l - a potion of ambrosia {unknown}
 q - 3 potions of curing {unknown}
 s - 2 potions of might
 u - a potion of heal wounds {unknown}
 v - a potion of agility {unknown}
 x - a potion of poison {unknown}
 z - a potion of haste {unknown}
Books
 b - a book of Frost

   Spells                             Type                      Level
   a - Freeze                         Ice                          1
   b - Throw Frost                    Conjuration/Ice              2
   c - Ozocubu's Armour               Charms/Ice                   3
   d - Throw Icicle                   Conjuration/Ice              4
   e - Summon Ice Beast               Ice/Summoning                4
   f - Condensation Shield            Ice                          4
Comestibles
 h - a meat ration
 n - 3 bread rations
 o - a beef jerky


   Skills:
 + Level 5.0 Maces & Flails
 - Level 1.5 Dodging
 - Level 2.4 Stealth
 + Level 3.7 Shields
 - Level 2.1 Spellcasting
   Level 1.0(0.9) Conjurations
 - Level 3.3(3.2) Ice Magic


You had 9 spell levels left.
You knew the following spells:

 Your Spells              Type           Power        Failure   Level  Hunger
a - Freeze                Ice            ##..         56%         1    #......


Dungeon Overview and Level Annotations

Branches:
Dungeon (4/15)
 Temple: D:4-7

Altars:
Gozag

Annotations:
D:3 Pikel


Innate Abilities, Weirdness & Mutations

You have extremely sharp teeth.
You heal very quickly.
You are covered in fur (AC +1).
When hurt, damage is shared between your health and your magic reserves.
Your bite disrupts and absorbs the magic of your enemies.
Potions and wands cannot restore your health.
You are immune to rotting.


Message History

You barely miss Pikel. You bite Pikel. You drain his power.
Pikel is heavily wounded.
Pikel hits you with a whip of electrocution!
You are electrocuted!
* * * LOW HITPOINT WARNING * * *
Unknown command.
Press: ? - help, v - describe, . - travel
Here: Pikel, wielding a whip of electrocution and wearing a robe (heavily wounded, unusually strong)
The floor.
Unknown command.
Unknown command.
Pikel no longer looks unusually strong.
There is a stone staircase leading up here.
Pikel says, "I knew I should've brought a map."
Pikel hits you but does no damage.
You are electrocuted!
* * * LOW HITPOINT WARNING * * *
You climb upwards.
There is a stone staircase leading down here.
Pikel hits you but does no damage.
You are electrocuted!
You die...

######### .......)#
........# ........#
†.......###########
........'.......@>#
........######.##K#
........# #.##.#
.....#### #†##.#
......# #)##.#
####..# #.##.#
..###.# #.##.# #.#
#.## #.##.#
#.###((# #.##.#


You could see Pikel.

Vanquished Creatures
  Sigmund (D:4)
  A phantom (D:4)
  2 hounds
  A worker ant (D:4)
  9 adders
  An ooze (D:2)
  3 worms
  4 giant geckos
  4 orcs
  A ball python (D:4)
  14 bats
  4 giant cockroaches
  8 goblins
  4 hobgoblins
  8 jackals
  12 kobolds
  2 quokkas (D:2)
  4 giant newts
  12 rats
95 creatures vanquished.

Notes
Turn   | Place    | Note
--------------------------------------------------------------
     0 | D:1      | sose, the Vine Stalker Ice Elementalist, began the quest for the Orb.
     0 | D:1      | Reached XP level 1. HP: 9/9 MP: 4/4
   323 | D:1      | Reached XP level 2. HP: 13/13 MP: 6/6
   437 | D:1      | Reached skill level 1 in Maces & Flails
   632 | D:1      | Reached XP level 3. HP: 16/16 MP: 7/7
   923 | D:2      | Reached skill level 1 in Shields
   938 | D:2      | Found an opulent altar of Gozag.
  1070 | D:2      | Reached XP level 4. HP: 21/21 MP: 8/8
  1557 | D:3      | Reached XP level 5. HP: 18/24 MP: 9/9
  2124 | D:4      | Noticed Sigmund
  2177 | D:4      | Killed Sigmund
  2177 | D:4      | Reached skill level 4 in Maces & Flails
  2177 | D:4      | Gained mutation: You heal very quickly. [Vine Stalker growth]
  2177 | D:4      | Reached XP level 6. HP: 28/28 MP: 10/10
  2511 | D:4      | Noticed a phantom
  2562 | D:4      | Killed a phantom
  2562 | D:4      | Reached XP level 7. HP: 24/32 MP: 11/11
  2657 | D:4      | Reached skill level 5 in Maces & Flails
  2691 | D:4      | Noticed Pikel
  2691 | D:4      | Noticed a slave
  2691 | D:4      | Noticed a slave
  2691 | D:4      | Noticed a slave
  2691 | D:4      | Noticed a slave
  2756 | D:3      | Slain by Pikel

Action                   |  1- 3 |  4- 6 |  7- 9 || total
-------------------------+-------+-------+-------++-------
Melee: Whip              |   163 |   316 |    45 ||   524
       Unarmed           |     2 |       |       ||     2
 Stab: Sleeping          |     2 |       |       ||     2
  Eat: Bread ration      |     1 |       |       ||     1
       Chunk             |     1 |     5 |     1 ||     7
